 Dungeon Crawl Stone Soup version 0.30.1-11-g7821555f0a (webtiles) character file.

Game seed: 2611739737083598958

56 PaiMei the Grave Robber (level 3, -1/24 HPs)
             Began as a Demonspawn Necromancer on Jan 3, 2024.
             Slain by an orc wizard
             ... wielding a +0 dagger
              (2 damage)
             ... on level 3 of the Dungeon.
             The game lasted 00:03:57 (1724 turns).

PaiMei the Grave Robber (Demonspawn Necromancer)    Turns: 1724, Time: 00:03:57

Health: -1/24      AC:  3    Str:  8    XL:     3   Next: 71%
Magic:  5/6        EV: 12    Int: 18    God:
Gold:   50         SH:  0    Dex: 13    Spells: 3/7 levels left

rFire   . . .        c - +2 dagger (elec)
rCold   . . .        (no shield)
rNeg    . . .        a - +0 robe
rPois   .            o - +0 helmet
rElec   .            (no cloak)
rCorr   .            (no gloves)
SInv    .            (no boots)
Will    .....        (no amulet)
Stlth   +            (no ring)
HPRegen 0.24/turn    (no ring)
MPRegen 0.10/turn

%: no passive effects
@: confused
A: condensation shield
a: no special abilities


You were on level 3 of the Dungeon.
You visited 1 branch of the dungeon, and saw 3 of its levels.

You collected 50 gold pieces.

Inventory:

Hand Weapons
 c - a +2 dagger of electrocution (weapon)
Missiles
 q - 5 poisoned darts (quivered)
Armour
 a - a +0 robe (worn)
 f - a +0 buckler
 o - a +0 helmet (worn)
Wands
 p - a wand of flame (28)
Scrolls
 e - a scroll of noise {unknown}
 i - a scroll of teleportation {unknown}
 j - 2 scrolls of identify {unknown}
 n - a scroll of fog {unknown}
Potions
 b - a potion of magic
 d - a potion of attraction {unknown}
 g - a potion of mutation {unknown}
 h - 3 potions of heal wounds {unknown}
 k - a potion of flight {unknown}
 l - a potion of might {unknown}
 m - a potion of invisibility {unknown}


   Skills:
 + Level 2.3 Dodging
 + Level 2.5 Stealth
 + Level 2.5 Spellcasting
 + Level 4.8 Necromancy


You had 3 spell levels left.
You knew the following spells:

 Your Spells              Type           Power      Damage    Failure   Level
a - Necrotise             Necr           76%        1d7       2%          1
b - Vampiric Draining     Necr           19%        2d7       7%          3

Your spell library contained the following spells:

 Spells                   Type           Power      Damage    Failure   Level
 Call Canine Familiar     Summ           2%         N/A       45%         3
 Portal Projectile        Hex/Tloc       4%         N/A       45%         3
 Vhi's Electric Charge    Tloc/Air       4%         N/A       45%         3
 Animate Dead             Necr           19%        N/A       24%         4
 Agony                    Necr           19%        N/A       54%         5
 Leda's Liquefaction      Hex/Erth       1%         N/A       86%         4
 Arcjolt                  Conj/Air       1%         1d11      99%         5
 Plasma Beam              Fire/Air       1%         2x1d12    100%        6


Dungeon Overview and Level Annotations

Branches:
Dungeon (3/15)

Altars:
Dithmenos

Shops:
D:1 !


Innate Abilities, Weirdness & Mutations

A meltable shield of frost defends you. (SH +4)


Message History

Magic restored.
An orc comes into view. It is wielding a +0 morningstar.
Found a shadowy altar of Dithmenos.
An orc wizard comes into view. It is wielding a +0 dagger.
Found 19 gold pieces.
The orc wizard shouts!
An orc comes into view. It is wielding a +0 hand axe.
An orc comes into view. It is wielding a +0 falchion.
An orc priest comes into view. It is wielding a +0 dagger.
Casting: Necrotise (safe; 2% risk of failure)
Confirm with . or Enter, or press ? or * to list all spells.
Aiming: Necrotise (safe; 2% risk of failure)
Press: ? - help, Shift-Dir - straight line, f - orc wizard
Aim: an orc wizard, wielding a +0 dagger and wearing a +0 robe (chance to affect: 78%)
The orc wizard writhes in agony.
Your adder skeleton crumbles into dust!
The orc wizard casts a spell at you.
You are confused.
You're too confused to cast spells.
The orc attacks as you move away! The orc hits you with a +0 morningstar.
The orc priest looks encouraged for a moment.
You bump into the stone wall.
The orc hits you with a +0 morningstar.
You barely miss the orc wizard.
The orc wizard is moderately wounded.
The orc wizard hits you with a +0 dagger.
The orc barely misses you.
You bump into the stone wall.
You feel less confused.
The orc wizard gestures at you while chanting.
You are confused.
The orc hits you with a +0 morningstar!
* * * LOW HITPOINT WARNING * * *
You're too confused to move!
The orc hits you with a +0 falchion.
* * * LOW HITPOINT WARNING * * *
The orc wizard hits you but does no damage.
The orc misses you.
You're too confused to move!
The orc hits you with a +0 falchion.
* * * LOW HITPOINT WARNING * * *
The orc wizard hits you with a +0 dagger.
You die...

#............
###............
#......<.......
#.#......>#.... #
..........####.#
..##..#...........
.... ##..........
#.. ##..##......
##o.#@.## .##...


#.oooo# .. ..# .......o....... # ##.........##... ##..._...## ..# #.........
.........$.. ..##.....##.. .# #..#..# #.. You could see an orc priest, an orc
wizard and 3 orcs.

Vanquished Creatures
  An adder (D:3)
  An ufetubus (D:2)
  A dart slug (D:2)
  4 bats
  3 endoplasms
  5 giant cockroaches
  A goblin (D:1)
  A hobgoblin (D:1)
  6 kobolds
  3 quokkas (D:2)
  2 ball pythons (D:1)
  5 frilled lizards
  3 rats (D:1)
36 creatures vanquished.

Vanquished Creatures (collateral kills)
  An orc (D:2)
  A frilled lizard (D:2)
  A kobold (D:2)
3 creatures vanquished.

Grand Total: 39 creatures vanquished

Notes
Turn   | Place    | Note
-------+----------+-------------------------------------------
     0 | D:1      | PaiMei the Demonspawn Necromancer began the quest for the
                  | Orb.
     0 | D:1      | Reached XP level 1. HP: 13/13 MP: 3/3
   206 | D:1      | Found Rugosisk's Distillery.
   318 | D:1      | Gained mutation: A meltable shield of frost defends you.
                  | (SH +4) [demonic ancestry]
   318 | D:1      | Reached XP level 2. HP: 19/19 MP: 0/5
  1093 | D:2      | Reached XP level 3. HP: 19/24 MP: 6/6
  1097 | D:2      | Learned a level 3 spell: Vampiric Draining
  1570 | D:2      | Found a faded altar of an unknown god.
  1712 | D:3      | Found a shadowy altar of Dithmenos.
  1724 | D:3      | HP: 1/24 [orc/+0 falchion (5)]
  1724 | D:3      | Slain by an orc wizard

Illustrated notes

Levels and vault maps discovered:
D:1:      nicolae_arrival_memento_mori, layout_basic, serial_shops,
          nicolae_shop_industrial_runoff, kennysheep_decorative_pillar,
          minmay_misc_feat_square, minmay_split_cup_large
D:2:      layout_basic, shapermc_ecumenical_altar_pompeii,
          kennysheep_generic_room_6
D:3:      minmay_goblin_kobold_castle, layout_rooms,
          nicolae_dithmenos_shadow_blocks, kennysheep_generic_room_10

Skill      XL: |  1 |
---------------+----+-----
Dodging        | 2 |  2.3
Stealth        | 2 |  2.5
Spellcasting   | |  2.5
Necromancy     | |  4.8

Action                     || total
---------------------------++-------
  Melee: Dagger            ||    13
   Cast: Necrotise         ||    65
 Armour: Robe              ||     7
  Dodge: Dodged            ||    21
  Block: Other             ||     5
